AoeStats
← stone wall killer

Arena

510517378Analyzed
2v2 RM · 12h ago on Oct 1, 2026· 68m 4s· 4 players
Game mode
Random Map
Map size
Medium (4 player)
Population
200
Speed
Normal
Resources
Standard
Victory
Conquest
Starting age
Dark Age
Ending age
Imperial Age
RankedLock teamsTeams togetherTeam positionsShared explorationLock speedFull tech treeHidden civsTurbo modeCheats
Victory
Defeat
🇨🇳 Dravidians · China
624
+16
🇷🇺 Varangians · Russia
579
+18
🇹🇷 Poles · Türkiye
636
-18
🇹🇷 Romans · Türkiye
602
-16
stone wall builder
10:51 Feudal Age
14:52 Castle Age
12:52 Double-Bit Axe
12:49 Horse Collar
15:55 Bow Saw
15:48 Heavy Plow
16:25 Wheelbarrow
24:18 Hand Cart
24:00 Gold Mining
24:02 Stone Mining
29:02 Imperial Age
26:38 Padded Archer Armor
26:58 Loom
26:59 Town Watch
27:18 Fletching
27:43 Leather Archer Armor
29:26 Fortified Wall
29:37 Ballistics
29:14 Bodkin Arrow
29:33 Thumb Ring
29:22 Elite Elephant Archer
30:25 Conscription
30:12 Medical Corps
30:26 Caravan
30:39 Guilds
32:02 Two-Man Saw
32:25 Chemistry
33:21 Coinage
33:07 Devotion
33:05 Murder Holes
33:50 Bracer
34:31 Ring Archer Armor
35:17 Banking
35:18 Town Patrol
34:53 Siege Elephant
35:59 Masonry
36:36 Hoardings
37:39 Onager
39:53 Wootz Steel
38:54 Elite Urumi Swordsman
41:06 Forging
41:01 Scale Barding Armor
40:57 Scale Mail Armor
40:20 Pikeman
40:46 Gambesons
41:01 Squires
40:46 Arson
40:22 Man-at-Arms
43:47 Crossbowman
43:48 Elite Skirmisher
45:07 Iron Casting
44:47 Chain Mail Armor
44:53 Chain Barding Armor
43:55 Long Swordsman
43:56 Halberdier
47:55 Siege Onager
47:57 Heavy Scorpion
49:08 Siege Onager
49:09 Heavy Scorpion
50:24 Arbalester
64:43 Blast Furnace
64:14 Plate Mail Armor
65:01 Heated Shot
65:02 Guard Tower
64:57 Arrowslits
65:33 Bombard Tower
65:18 Siphons
65:34 Shipwright
65:24 Clinker Construction
65:25 Careening
64:39 Two-Handed Swordsman
65:27 Spies/Treason
stone wall killer
9:48 Feudal Age
11:28 Loom
14:15 Castle Age
12:28 Double-Bit Axe
12:32 Horse Collar
15:30 Bow Saw
17:28 Heavy Plow
17:56 Fervor
23:50 Wheelbarrow
25:11 Hand Cart
29:19 Imperial Age
26:59 Stone Mining
27:33 Scale Mail Armor
27:41 Scale Barding Armor
27:46 Forging
27:27 Gold Mining
28:19 Stone Shaft Mining
27:37 Treadmill Crane
28:10 Masonry
28:15 Town Watch
29:24 Chain Barding Armor
30:23 Iron Casting
29:59 Bloodlines
29:50 Husbandry
30:42 Crop Rotation
31:12 Two-Man Saw
30:23 Guilds
31:05 Architecture
30:47 Murder Holes
31:56 Chemistry
31:53 Conscription
32:12 Plate Barding Armor
32:21 Ballistics
31:37 Elite Jarl
34:23 Blast Furnace
33:13 Fletching
33:34 Siege Engineers
33:53 Ballistics
33:19 Vendel Legacy
34:28 Caravan
35:57 Bodkin Arrow
36:15 Fortified Wall
36:09 Guard Tower
39:54 Capped Ram
40:59 Bracer
41:01 Padded Archer Armor
42:24 Illumination
42:35 Theocracy
41:34 Siege Ram
43:17 Coinage
43:03 Leather Archer Armor
42:49 Scale Mail Armor
45:57 Ring Archer Armor
45:42 Chain Mail Armor
45:53 Town Patrol
47:06 Banking
46:00 Onager
46:07 Light Cavalry
48:25 Hussar
51:12 Plate Mail Armor
50:45 Squires
50:30 Arson
50:08 Elite Varangian Guard
53:09 Gothikon
53:37 Gambesons
54:58 Heavy Scorpion
55:03 Pikeman
55:04 Man-at-Arms
56:48 Herbal Medicine
59:53 Spies/Treason
ASİL_TÜRK
2:10 Loom
13:19 Feudal Age
13:54 Double-Bit Axe
13:52 Horse Collar
14:37 Man-at-Arms
16:43 Wheelbarrow
18:00 Scale Mail Armor
18:10 Forging
18:13 Stone Mining
25:35 Castle Age
27:01 Bow Saw
26:54 Heavy Plow
26:55 Long Swordsman
27:36 Squires
30:29 Iron Casting
31:05 Ballistas
34:29 Scale Barding Armor
34:48 Ballistics
37:08 Fortified Wall
40:06 Husbandry
40:17 Bloodlines
39:32 Light Cavalry
40:02 Elite Skirmisher
PaTaSaNa
5:58 Loom
10:54 Feudal Age
11:20 Double-Bit Axe
11:16 Horse Collar
12:21 Wheelbarrow
13:48 Gold Mining
19:31 Castle Age
17:53 Stone Mining
21:02 Stone Shaft Mining
20:35 Heavy Plow
21:54 Husbandry
24:49 Forging
24:45 Scale Barding Armor
25:30 Bow Saw
26:34 Bloodlines
31:19 Imperial Age
29:11 Chain Barding Armor
29:26 Iron Casting
30:33 Iron Casting
30:41 Szlachta Privileges
31:17 Hand Cart
31:28 Elite Obuch
33:46 Blast Furnace
33:18 Conscription
34:41 Crop Rotation
34:14 Scale Mail Armor
33:48 Cavalier
36:07 Chain Mail Armor
36:15 Ballistics
35:58 Town Watch
36:45 Town Patrol
37:51 Chemistry
39:30 Arrowslits
39:56 Masonry
39:57 Fortified Wall
40:42 Murder Holes
41:22 Plate Mail Armor
59:01 Fletching
59:11 Padded Archer Armor
59:25 Elite Skirmisher
60:15 Thumb Ring
60:09 Bodkin Arrow
60:25 Light Cavalry
62:19 Bracer
62:35 Leather Archer Armor
67:38 Winged Hussar
Connection lost

Rejoining the realm…

Still unreachable

The connection could not be restored.

Session expired

The server has moved on; the page needs a fresh start.